 Dungeon Crawl Stone Soup version 0.17.0-56-gd8de76c (webtiles) character file.

145882 MirrMurr the Covert (level 16, -5/80 HPs)
             Began as a Spriggan Enchanter on Dec 3, 2015.
             Was the Champion of Ashenzari.
             Killed by divine providence
             ... invoked by a balrug
             ... summoned by a deep elf demonologist
              (15 damage)
             ... on level 3 of the Elven Halls on Dec 5, 2015.
             The game lasted 02:30:58 (42242 turns).

MirrMurr the Covert (Spriggan Enchanter)           Turns: 42242, Time: 02:30:58

Health: -5/80      AC:  8    Str:  4    XL:     16   Next: 88%
Magic:  9/33       EV: 29    Int: 27    God:    Ashenzari [******]
Gold:   2356       SH:  6    Dex: 19    Spells: 11 memorised, 10 levels left

rFire  + . .     SeeInvis +     U - +7 rapier of the Apocalypse {pierce, rPois Dex+2} (curse)
rCold  + + +     Clarity  +     L - +2 robe {rC+ rF+} (curse)
rNeg   . . .     SustAt   .     o - +1 buckler
rPois  +         Gourm    .     J - +2 hat {rC+}
rElec  .         Spirit   .     I - +1 cloak {rC+} (curse)
rCorr  .         Warding  .     (gloves unavailable)
rMut   .         Stasis   .     (boots unavailable)
MR     ++...                    N - amulet of regeneration (curse)
Stlth  +++++++++.               j - ring of stealth
                                q - +4 ring of intelligence

@: very slightly contaminated, repel missiles, very quick, very resistant to
hostile enchantments, incredibly stealthy
A: unfitting armour, antennae 1, see invisible, herbivore 3, speed 3, slow
metabolism 2
a: Scrying, Transfer Knowledge, Renounce Religion


You were on level 3 of the Elven Halls.
You worshipped Ashenzari.
Ashenzari was exalted by your worship.
You were hungry.

You visited 5 branches of the dungeon, and saw 31 of its levels.
You visited 1 bazaar.
You also visited: Labyrinth and Ice Cave.

You collected 3597 gold pieces.
You spent 1241 gold pieces at shops.

Inventory:

Hand Weapons
 U - the cursed +7 rapier of the Apocalypse (weapon) {pierce, rPois Dex+2}
   (You found it on level 7 of the Lair of Beasts)

   It inflicts extra damage upon your enemies.
   It affects your dexterity (+2).
   It protects you from poison.
   It has a curse placed upon it.
Missiles
 m - 20 poisoned needles
 r - 8 tomahawks of returning (quivered)
 s - 621 stones
 x - 67 tomahawks
Armour
 o - a +1 buckler (worn)
 I - a cursed +1 cloak of cold resistance (worn)
 J - a +2 hat of cold resistance (worn)
 L - a cursed +2 robe of resistance (worn)
Jewellery
 b - a +3 ring of intelligence
 j - a ring of stealth (right hand)
 q - a +4 ring of intelligence (left hand)
 N - a cursed amulet of regeneration (around neck)
Wands
 v - a wand of hasting (4)
 z - a wand of disintegration (8)
 K - a wand of digging (14)
 M - a wand of digging (16)
 P - a wand of digging (20)
 T - a wand of lightning (11)
 V - a wand of cold (0)
Scrolls
 a - a scroll of amnesia
 f - a scroll of recharging
 i - 13 scrolls of identify
 k - 13 scrolls of teleportation
 l - 6 scrolls of fear
 n - 2 scrolls of remove curse
 u - 5 scrolls of fog
 w - 2 scrolls of enchant armour
 y - 2 scrolls of holy word
 C - a scroll of brand weapon
 R - 5 scrolls of magic mapping
Potions
 e - 3 potions of might
 g - 5 potions of cancellation
 p - 2 potions of ambrosia {unknown}
 t - 2 potions of brilliance
 A - 5 potions of heal wounds
 B - a potion of berserk rage
 D - a potion of resistance
 F - 2 potions of curing
 G - a potion of magic
 Q - 2 potions of flight
 Z - 7 potions of haste
Books
 h - a Young Poisoner's Handbook

   Spells                             Type                      Level
   a - Sting                          Conjuration/Poison           1
   b - Cure Poison                    Poison                       2
   c - Mephitic Cloud                 Conjuration/Poison/Air       3
   d - Olgreb's Toxic Radiance        Poison                       4
   e - Venom Bolt                     Conjuration/Poison           5
 E - a book of Clouds

   Spells                             Type                      Level
   a - Mephitic Cloud                 Conjuration/Poison/Air       3
   b - Conjure Flame                  Conjuration/Fire             3
   c - Poisonous Cloud                Conjuration/Poison/Air       6
   d - Freezing Cloud                 Conjuration/Ice/Air          6
   e - Ring of Flames                 Charms/Fire                  7
Comestibles
 d - 22 bread rations
 H - 22 fruits


   Skills:
 - Level 7.0 Fighting
 - Level 11.5(15.7) Short Blades
 - Level 9.8(12.6) Dodging
 - Level 14.2(16.8) Stealth
 - Level 12.8 Spellcasting
 + Level 8.0 Conjurations
 - Level 13.0 Hexes
 - Level 6.7 Charms
 - Level 6.7 Translocations
 - Level 10.1 Transmutations
 + Level 1.1 Fire Magic
 - Level 8.4 Ice Magic
 + Level 4.3 Air Magic
 - Level 9.6 Earth Magic
 + Level 4.5 Poison Magic


You had 10 spell levels left.
You knew the following spells:

 Your Spells              Type           Power        Failure   Level  Hunger
a - Ensorcelled Hibernat  Hex/Ice        ######       1%          2    None
b - Confuse               Hex            ######..     1%          3    None
c - Conjure Flame         Conj/Fire      #####...     2%          3    None
d - Dazzling Spray        Conj/Hex       ######..     1%          3    None
e - Cure Poison           Pois           #####.....   1%          2    None
f - Poisonous Cloud       Conj/Pois/Air  #####.....   86%         6    #####..
m - Mephitic Cloud        Conj/Pois/Air  #####...     1%          3    None
r - Repel Missiles        Chrm/Air       #####.       1%          2    None
s - Stoneskin             Trmt/Erth      ######..     1%          2    None
A - Apportation           Tloc           ######....   1%          1    None
P - Passwall              Trmt/Erth      ######....   1%          3    None


Dungeon Overview and Level Annotations

Branches:
Dungeon (15/15)            Temple (1/1) D:7            Lair (8/8) D:8
 Shoals (0/4) Lair:6       Spider (0/4) Lair:3        Slime (0/6) Lair:6
    Orc (4/4) D:9             Elf (3/3) Orc:3        Vaults (0/5) D:14
 Depths (0/5) D:15

Altars:
Ashenzari
Cheibriados
Dithmenos
Elyvilon
Fedhas
Gozag
Kikubaaqudgha
Makhleb
Nemelex Xobeh
Okawaru
Qazlal
Ru
Sif Muna
Trog
Vehumet
Xom
Yredelemnul
Zin
The Shining One
Beogh
Jiyva

Shops:
D:5 (   D:6 [   D:8 }   D:9 (*((   Orc:4 ([*:*   Elf:1 ?

Portals:
Trove: D:12 (give 11 potions of heal wounds)

Annotations:
D:11 stuff here
D:14 come back, Norris
Elf:2 3 runed doors, exclusion: 3 doors


Innate Abilities, Weirdness & Mutations

You are tiny and cannot use many weapons and most armour.
You have supernaturally acute eyesight.
You are a herbivore.
You cover ground extremely quickly.
You need consume almost no food.
You have a pair of small antennae on your head.


Message History

The balrug hits you with a demon whip of freezing!!
* * * LOW HITPOINT WARNING * * *
You are engulfed in flames!
You resist.
* * * LOW HITPOINT WARNING * * *
The balrug freezes you.
* * * LOW HITPOINT WARNING * * *
Read which item? (? for menu, Esc to quit)
Blink to where?
Press: ? - help, Dir - move target cursor You are very lightly contaminated with residual magic.
As you read the scroll of blinking, it crumbles to dust.
You are covered in liquid flames!
* * * LOW HITPOINT WARNING * * *
You are covered in liquid flames!
* * * LOW HITPOINT WARNING * * *
The balrug gestures at you. The bolt of fire misses you.
The balrug gestures at you. Something smites you!
You die...

############...#..#≈≈....#
* ∆** #...#..#≈≈....# #
*{,∆ * #...#..#≈≈....# #*
,∆,∆** #...'..#≈≈....# #,
,∆∆∆∆** #...#).#≈≈....# ,
, *∆∆∆ **#...#..#≈≈....#
,, * , #...#..#≈≈....# ,
,, ,,* #...#..#≈≈....# * ,
** ###'#@.#≈≈....# {.....,
#..[#..#≈≈....# {.#.e.
#...#..#≈≈....# {e# *
#...#..#≈≈....# .e.# * ..
*#...#..#≈≈....# ....#,
...##...#..#≈≈....# ......
⌠......[#..#≈≈....#
....#.,...##...#2.#≈≈....#
* ,..**#...'1.#≈≈....#


You could see a balrug.

Vanquished Creatures
  Rupert (Orc:2)
  Asterion (Elf:3)
  A deep elf master archer (Elf:3)
  Donald (D:14)
  3 deep elf sorcerers (Elf:3)
  Maud (D:10)
  An orc warlord (Orc:4)
  A deep elf demonologist (Elf:3)
  4 deep elf annihilators (Elf:3)
  Snorg (D:13)
  A minotaur (Lab)
  A deep elf death mage (Elf:2)
  A deep elf high priest (Elf:1)
  11 hydras
  3 centaur warriors
  Erolcha (D:11)
  An ogre mage (D:11)
  A catoblepas (D:14)
  9 death yaks
  2 tengu warriors
  5 orc high priests
  Sonja (Orc:2)
  Nergalle (Lair:4)
  11 deep elf knights
  An ice devil (IceCv)
  3 unseen horrors
  9 deep elf summoners
  Pikel (D:9)
  6 hill giants
  14 deep elf conjurers
  3 griffons
  3 ugly things
  A wolf spider zombie (D:15)
  A hornet (shapeshifter) (Elf:2)
  A wolf spider (D:13)
  5 orc knights
  A salamander (shapeshifter) (D:14)
  A salamander (D:15)
  9 orc sorcerers
  3 manticores
  A cyclops (D:12)
  7 elephants
  2 torpor snails (shapeshifter)
  A black mamba (shapeshifter) (D:15)
  Psyche (D:11)
  3 centaur zombies
  A torpor snail (Lair:7)
  25 spiny frogs
  A kobold demonologist (D:12)
  7 black mambas
  A gargoyle (D:12)
  5 fire drakes
  5 deep elf priests
  A spriggan druid (Lair:7)
  5 komodo dragons
  A tengu conjurer (D:14)
  2 minotaur zombies (Lab)
  A merfolk (D:11)
  2 blue devils (IceCv)
  2 polar bears
  12 trolls
  7 giant leeches (Lair:8)
  Prince Ribbit (D:9)
  18 blink frogs
  5 slime creatures
  A two-headed ogre (D:9)
  A boulder beetle (Lair:8)
  2 trapdoor spiders (Lair:3)
  23 yaks
  A shadow (D:15)
  The ghost of bezhaha the Gusty, an amateur TeAE (D:7)
  23 deep elf magi
  6 wyverns
  3 basilisks
  5 hungry ghosts
  A wraith (D:15)
  Grum (D:11)
  9 deep elf fighters
  14 vampire mosquitoes
  12 hippogriffs
  A steam dragon (D:10)
  16 humans (D:14)
  29 wolves
  A soldier ant (D:13)
  9 porcupines
  2 wargs
  17 water moccasins
  A swamp drake (D:9)
  A necrophage (D:12)
  4 ice beasts
  2 sky beasts
  43 orc warriors
  3 phantoms
  12 ogres
  10 centaurs
  17 crocodiles
  A big kobold (D:12)
  33 giant frogs
  A water moccasin zombie (D:9)
  A wyvern skeleton (D:15)
  6 scorpions
  9 wights
  4 killer bees (D:9)
  8 electric eels
  3 jellies
  7 crimson imps
  4 giant frog zombies
  9 iguanas
  38 orc priests
  5 centaur skeletons
  4 hounds
  35 orc wizards
  11 worker ants
  25 sheep
  A hound zombie (D:6)
  2 worker ant zombies
  8 adders
  4 gnolls (D:7)
  37 river rats
  A shadow imp (D:14)
  20 white imps
  2 oozes
  5 ufetubi (IceCv)
  An adder skeleton (D:4)
  4 worms
  6 giant geckos
  207 orcs
  7 bats
  4 giant cockroaches
  10 hobgoblins
  3 quokkas
  2 ball pythons
  A giant gecko zombie (D:5)
  5 giant newts
  7 goblins
  8 jackals
  A jackal skeleton (D:5)
  7 kobolds
  A quokka skeleton (D:9)
  5 rats
1077 creatures vanquished.

Vanquished Creatures (others)
  The ghost of afaerae the Blocker, a novice MiFi of Makhleb (IceCv)
  The ghost of subsebi the Chucker, a novice DsCK of Xom (IceCv)
  2 deep elf knights
  A blink frog (Lair:8)
  A centaur (D:9)
  An orc priest (D:6)
  2 white imps (IceCv)
  2 ufetubi (IceCv)
  3 fungi
  9 plants
23 creatures vanquished.

Grand Total: 1100 creatures vanquished

Notes
Turn   | Place    | Note
--------------------------------------------------------------
     0 | D:1      | MirrMurr the Spriggan Enchanter began the quest for the Orb.
     0 | D:1      | Reached XP level 1. HP: 9/9 MP: 5/5
   207 | D:1      | Reached skill level 5 in Stealth
   251 | D:1      | Reached XP level 2. HP: 10/13 MP: 6/6
   260 | D:1      | Learned a level 2 spell: Ensorcelled Hibernation
   665 | D:1      | Reached skill level 6 in Stealth
  1031 | D:1      | Reached XP level 3. HP: 7/16 MP: 8/8
  1036 | D:1      | Learned a level 3 spell: Confuse
  1565 | D:2      | Reached skill level 7 in Stealth
  1696 | D:2      | Gained mutation: You have a pair of small antennae on your head. [potion of beneficial mutation]
  1933 | D:2      | Reached XP level 4. HP: 21/21 MP: 4/9
  2325 | D:3      | Noticed a sky beast
  2333 | D:3      | Killed a sky beast
  2333 | D:3      | Reached skill level 8 in Stealth
  2333 | D:3      | Reached XP level 5. HP: 24/24 MP: 7/11
  2338 | D:3      | Learned a level 3 spell: Dazzling Spray
  2404 | D:3      | You fall through a shaft!
  2476 | D:3      | Reached skill level 9 in Stealth
  3095 | D:4      | Reached XP level 6. HP: 28/28 MP: 9/13
  3119 | D:4      | Found a white marble altar of Elyvilon.
  3119 | D:4      | Found a glowing golden altar of the Shining One.
  3339 | D:5      | Entered Level 5 of the Dungeon
  3617 | D:5      | Found Paxof's Weapon Shoppe.
  3950 | D:5      | Reached skill level 10 in Stealth
  4190 | D:5      | Reached skill level 5 in Spellcasting
  4268 | D:5      | Reached XP level 7. HP: 30/32 MP: 5/15
  4373 | D:5      | Reached skill level 11 in Stealth
  4797 | D:5      | Learned a level 2 spell: Stoneskin
  4895 | D:6      | Found Faoneur's Antique Armour Shop.
  4907 | D:6      | Reached skill level 12 in Stealth
  5730 | D:6      | Reached XP level 8. HP: 36/36 MP: 8/18
  6099 | D:6      | Reached skill level 13 in Stealth
  6741 | D:7      | Reached skill level 14 in Stealth
  6784 | D:7      | Found a staircase to the Ecumenical Temple.
  6792 | Temple   | Entered the Ecumenical Temple
  6798 | Temple   | Became a worshipper of Ashenzari the Shackled
  7085 | D:7      | Found a snail-covered altar of Cheibriados.
  7155 | D:7      | Noticed bezhaha's ghost (amateur TeAE)
  7164 | D:7      | Killed bezhaha's ghost
  7164 | D:7      | Reached skill level 5 in Hexes
  7164 | D:7      | Reached XP level 9. HP: 39/39 MP: 9/22
  7165 | D:7      | Found a bloodstained altar of Trog.
  7666 | D:8      | Reached * piety under Ashenzari
  7726 | D:8      | Found a staircase to the Lair.
  7726 | D:8      | Noticed an elephant
  7855 | D:8      | Killed an elephant
  8229 | D:8      | Found Gakleb's Gadget Emporium.
  8492 | Lair:1   | Entered Level 1 of the Lair of Beasts
  8498 | Lair:1   | Noticed a komodo dragon
  8505 | Lair:1   | Killed a komodo dragon
  8586 | Lair:1   | Found a frozen archway.
  8904 | Lair:1   | Reached XP level 10. HP: 20/44 MP: 3/24
  8938 | IceCv    | Entered an ice cave
  9034 | IceCv    | Killed subsebi's ghost
  9295 | IceCv    | Reached skill level 10 in Hexes
  9338 | IceCv    | Killed afaerae's ghost
  9621 | IceCv    | Reached skill level 10 in Spellcasting
  9780 | IceCv    | Noticed an ice devil
  9953 | IceCv    | Noticed an ice devil
  9967 | IceCv    | Noticed an ice devil
  9973 | IceCv    | Reached ** piety under Ashenzari
  9974 | IceCv    | Killed an ice devil
  9995 | IceCv    | Identified Ryhe's Reference Book on Beguiling (You found it in an ice cave)
 11090 | Lair:2   | Noticed a black mamba
 11104 | Lair:2   | Killed a black mamba
 11278 | Lair:2   | Noticed a seven-headed hydra
 11288 | Lair:2   | Noticed an eight-headed hydra
 11346 | Lair:2   | Killed a seven-headed hydra
 11346 | Lair:2   | Reached XP level 11. HP: 47/47 MP: 12/27
 11750 | Lair:2   | Noticed a seven-headed hydra
 11770 | Lair:2   | Killed an eight-headed hydra
 11781 | Lair:2   | Killed a seven-headed hydra
 11781 | Lair:2   | Reached skill level 5 in Short Blades
 12283 | Lair:3   | Reached *** piety under Ashenzari
 12383 | Lair:3   | Noticed a death yak
 12384 | Lair:3   | Noticed a death yak
 12384 | Lair:3   | Noticed a death yak
 12385 | Lair:3   | Noticed a death yak
 12386 | Lair:3   | Noticed a death yak
 12386 | Lair:3   | Noticed a death yak
 12444 | Lair:3   | Noticed a five-headed hydra
 12736 | Lair:3   | Found a deep blue altar of Sif Muna.
 13135 | Lair:3   | Killed a five-headed hydra
 13241 | Lair:3   | Killed a death yak
 13241 | Lair:3   | Reached skill level 1 in Transmutations
 13271 | Lair:3   | Killed a death yak
 13271 | Lair:3   | Reached skill level 1 in Earth Magic
 13565 | Lair:3   | Reached XP level 12. HP: 44/51 MP: 26/29
 13566 | Lair:3   | Reached skill level 1 in Ice Magic
 13641 | Lair:3   | Reached skill level 1 in Conjurations
 13652 | Lair:3   | Found a hole to the Spider Nest.
 14168 | Lair:4   | Noticed a five-headed hydra
 14175 | Lair:4   | Killed a five-headed hydra
 14441 | Lair:4   | Noticed Nergalle
 14448 | Lair:4   | Killed Nergalle
 14992 | Lair:5   | Reached **** piety under Ashenzari
 15172 | Lair:5   | Identified a +1 rod of inaccuracy (14/14)
 15439 | Lair:6   | Found a staircase to the Slime Pits.
 15439 | Lair:6   | Found a viscous altar of Jiyva.
 15517 | Lair:6   | Reached skill level 5 in Transmutations
 15556 | Lair:6   | Reached skill level 10 in Short Blades
 16225 | Lair:6   | Found a staircase to the Shoals.
 16233 | Lair:6   | Reached XP level 13. HP: 36/55 MP: 21/30
 16457 | Lair:6   | Noticed a seven-headed hydra
 16467 | Lair:6   | Killed a seven-headed hydra
 17093 | Lair:7   | Reached skill level 5 in Earth Magic
 17905 | Lair:7   | Upgraded the game from 0.17.0-28-g6e173f8 to 0.17.0-55-g1383181
 18136 | Lair:7   | Identified the +7 rapier of the Apocalypse {pierce, rPois Dex+2}
 18138 | Lair:7   | Reached ***** piety under Ashenzari
 18311 | Lair:8   | Entered Level 8 of the Lair of Beasts
 18856 | Lair:8   | Identified the cursed +1 robe of Defence {Stlth+}
 18878 | Lair:8   | Reached skill level 5 in Dodging
 19924 | Lair:8   | Reached XP level 14. HP: 26/59 MP: 25/31
 19926 | Lair:8   | Reached skill level 5 in Ice Magic
 20756 | D:9      | Noticed Prince Ribbit
 20762 | D:9      | Killed Prince Ribbit
 20874 | D:9      | Found Gecountost's Assorted Antiques.
 20971 | D:9      | Found Vugowentyd's Weapon Shop.
 21058 | D:9      | Found Ewuered's Antique Weapon Shoppe.
 21086 | D:9      | Found Nuqong's Antique Weapon Boutique.
 21233 | D:9      | Found a staircase to the Orcish Mines.
 21279 | D:9      | Noticed Pikel
 21309 | D:9      | Killed Pikel
 21541 | D:9      | Reached skill level 5 in Conjurations
 21879 | Orc:1    | Entered Level 1 of the Orcish Mines
 22857 | Orc:2    | Noticed Sonja
 22868 | Orc:2    | Killed Sonja
 22895 | Orc:2    | Found a roughly hewn altar of Beogh.
 23066 | Orc:2    | Noticed Rupert
 23071 | Orc:2    | Killed Rupert
 23966 | Orc:3    | Found a staircase to the Elven Halls.
 24103 | Orc:3    | Reached skill level 1 in Fighting
 24553 | Orc:4    | Entered Level 4 of the Orcish Mines
 24618 | Orc:4    | Found Ubran's General Store.
 24765 | Orc:4    | Bought a bread ration for 75 gold pieces
 26512 | Orc:3    | Reached skill level 10 in Transmutations
 27312 | Orc:4    | Noticed an orc warlord
 27479 | Orc:4    | Killed an orc warlord
 27543 | Orc:4    | Found Yruseff's Antique Armour Shoppe.
 27544 | Orc:4    | Found Atyfyalo's Antique Weapon Shoppe.
 27545 | Orc:4    | Found Viomaev's General Store.
 27545 | Orc:4    | Found Suasant's Book Emporium.
 27559 | Orc:4    | Bought a fabulously ornate robe for 96 gold pieces
 27559 | Orc:4    | Identified the +1 robe of Darkness {Int+3 SInv} (You bought it in a shop on level 4 of the Orcish Mines)
 27889 | Elf:1    | Entered Level 1 of the Elven Halls
 28096 | Elf:1    | Reached XP level 15. HP: 29/69 MP: 6/32
 28695 | Elf:1    | Found Olienn's Magic Scroll Shoppe.
 28699 | Elf:1    | Found an ancient bone altar of Kikubaaqudgha.
 29391 | Elf:2    | Reached ****** piety under Ashenzari
 29765 | Elf:2    | Reached skill level 5 in Fighting
 30351 | Elf:2    | Found a runed gate.
 30353 | Elf:2    | Found a runed gate.
 30356 | Elf:2    | Found a runed gate.
 30387 | Elf:3    | Entered Level 3 of the Elven Halls
 30555 | D:10     | Entered Level 10 of the Dungeon
 30931 | D:10     | Learned a level 2 spell: Repel Missiles
 31060 | D:10     | Noticed Maud
 31063 | D:10     | Killed Maud
 31812 | D:11     | Found a labyrinth entrance.
 31839 | Lab      | Entered a labyrinth
 31973 | Lab      | Identified the +3 spear of Guilt {speed, rPois rN+ MR-}
 32005 | Lab      | Identified the ring of Sasomej {+/*Tele +Blink rPois rF- rN+}
 32006 | Lab      | Identified the +6 hand crossbow of the Land of Plenty {elec, rF+ Str+4 Int-3} (You found it in a labyrinth)
 32132 | Lair:2   | Learned a level 1 spell: Apportation
 32164 | Lair:2   | Learned a level 3 spell: Passwall
 32939 | D:11     | Noticed Grum
 32943 | D:11     | Reached skill level 1 in Charms
 32963 | D:11     | Killed Grum
 33087 | D:11     | Noticed Psyche
 33096 | D:11     | Killed Psyche
 33490 | D:11     | Noticed Erolcha
 33493 | D:11     | Killed Erolcha
 33493 | D:11     | Reached skill level 1 in Air Magic
 33675 | D:12     | Found a stormy altar of Qazlal.
 33744 | D:12     | Learned a level 3 spell: Mephitic Cloud
 33926 | D:12     | Found a portal to a secret trove of treasure.
 34017 | D:12     | Reached skill level 1 in Translocations
 34543 | D:13     | Found a gateway to a bazaar.
 34567 | Bazaar   | Entered a bazaar
 34579 | Bazaar   | Found Puodghyn's Weapon Boutique.
 34579 | Bazaar   | Found Zulohodi's Food Shop.
 34638 | Bazaar   | Found Barghy's Antique Weapon Boutique.
 34638 | Bazaar   | Found Qekozec's Jewellery Shop.
 34715 | Bazaar   | Bought a bread ration for 65 gold pieces
 34715 | Bazaar   | Bought 2 fruits for 39 gold pieces
 34715 | Bazaar   | Bought a bread ration for 65 gold pieces
 34715 | Bazaar   | Bought a slice of pizza for 19 gold pieces
 34715 | Bazaar   | Bought 3 fruits for 58 gold pieces
 34715 | Bazaar   | Bought a bread ration for 65 gold pieces
 34715 | Bazaar   | Bought a royal jelly for 26 gold pieces
 34715 | Bazaar   | Bought 3 fruits for 58 gold pieces
 35068 | D:13     | Noticed Snorg
 35136 | D:13     | Killed Snorg
 35315 | D:13     | Found a glowing golden altar of the Shining One.
 35328 | D:13     | Reached skill level 1 in Poison Magic
 35328 | D:13     | Reached XP level 16. HP: 45/80 MP: 33/33
 36751 | D:14     | Identified the +5 falchion of the Beast {freeze, rC+}
 36831 | D:14     | Noticed Norris
 36836 | D:14     | Upgraded the game from 0.17.0-55-g1383181 to 0.17.0-56-gd8de76c
 36947 | D:14     | Noticed Donald
 37005 | D:14     | Killed Donald
 37238 | D:14     | Found a gate to the Vaults.
 37490 | D:14     | Paralysed by Norris for 6 turns
 38422 | D:15     | Entered Level 15 of the Dungeon
 38479 | D:15     | Reached skill level 5 in Charms
 38846 | D:15     | Found a staircase to the Depths.
 39032 | D:15     | Found a white marble altar of Elyvilon.
 39227 | D:15     | Reached skill level 5 in Translocations
 40923 | Elf:3    | Noticed a deep elf master archer
 41093 | Elf:3    | Killed a deep elf master archer
 41235 | Elf:3    | Noticed Asterion
 41333 | Elf:3    | Killed Asterion
 41430 | Elf:3    | Identified the +1 ring mail of Failure {-Cast Dex+2 Slay+5}
 41628 | Elf:3    | Noticed a deep elf blademaster
 41859 | Orc:4    | Bought a book of Clouds for 675 gold pieces
 41864 | Orc:4    | Learned a level 3 spell: Conjure Flame
 41867 | Orc:4    | Learned a level 2 spell: Cure Poison
 41874 | Orc:4    | Learned a level 6 spell: Poisonous Cloud
 42065 | Elf:3    | Noticed a deep elf blademaster
 42188 | Elf:3    | Reached skill level 1 in Fire Magic
 42233 | Elf:3    | Noticed an Ice Fiend
 42242 | Elf:3    | Killed from afar by a balrug

Action                   |  1- 3 |  4- 6 |  7- 9 | 10-12 | 13-15 | 16-18 || total
-------------------------+-------+-------+-------+-------+-------+-------++-------
Melee: Dagger            |   153 |    75 |   187 |   406 |   259 |       ||  1080
       Rapier            |       |       |       |       |  1390 |   420 ||  1810
Throw: Tomahawk          |       |       |     1 |       |       |       ||     1
 Cast: Ensorcelled Hiber |     6 |    12 |    27 |    62 |   240 |    35 ||   382
       Dazzling Spray    |       |     6 |    28 |    59 |   203 |    79 ||   375
       Confuse           |       |     1 |    19 |    10 |    31 |    24 ||    85
       Stoneskin         |       |       |     4 |     8 |    17 |     8 ||    37
       Corona            |       |       |       |     1 |       |     3 ||     4
       Repel Missiles    |       |       |       |       |     1 |       ||     1
       Mephitic Cloud    |       |       |       |       |       |    21 ||    21
       Conjure Flame     |       |       |       |       |       |     2 ||     2
Evoke: Wand              |       |       |       |       |     2 |     3 ||     5
  Use: Scroll            |     9 |     6 |     9 |    14 |     7 |     3 ||    48
       Potion            |     1 |     2 |     1 |       |     2 |     2 ||     8
 Stab: Sleeping          |    12 |    25 |    39 |    79 |   240 |    35 ||   430
       Distracted        |     1 |       |       |     2 |    15 |     6 ||    24
       Invisible         |       |     2 |     1 |    15 |    42 |     7 ||    67
       Confused          |       |     1 |     7 |     7 |    11 |    27 ||    53
  Eat: Bread ration      |       |     1 |       |       |     2 |       ||     3
       Royal jelly       |       |       |     1 |       |     1 |       ||     2
       Fruit             |       |       |       |     8 |    10 |     2 ||    20
       Pizza             |       |       |       |     2 |     4 |     1 ||     7
